 Dungeon Crawl Stone Soup version bcrawl-1.13.2 (webtiles) character file.

Game seed: 315254593281396635

3110 Felnil the Fighter (level 9, -6/85 HPs)
             Began as a Mummy Fighter on Aug 9, 2019.
             Was a Plaything of Xom.
             Killed from afar by a wight (18 damage)
             ... with a wand of acid (9)
             ... on level 7 of the Dungeon.
             The game lasted 00:30:11 (7390 turns).

Felnil the Fighter (Mummy Fighter)                  Turns: 7390, Time: 00:30:11

Health: -6/85      AC: 17    Str: 22    XL:     9   Next: 60%
Magic:  9/9        EV:  3    Int:  7    God:    Xom [..*...]
Gold:   546        SH:  9    Dex: 12    Spells: 8/8 levels left

rFire    x x .     SeeInvis +   n - +4 dagger (vamp)
rCold    + + .     Gourm    .   c - +0 shield
rNeg     + + +     Faith    .   v - +0 plate armour
rPois    ∞         Spirit   .   (no helmet)
rElec    .         Reflect  .   (no cloak)
rCorr    .         Harm     .   f - +2 pair of gloves
MR       +....     Clarity  +   g - +2 pair of boots
Stlth    ..........             m - amulet of regeneration
HPRegen  0.64/turn              d - ring of ice
MPRegen  0.11/turn              q - ring of see invisible

@: no status effects
A: no food or potions, fire vulnerability, clarity, cold resistance 1, negative
energy resistance 3, torment resistance, unbreathing
a: Renounce Religion


You were on level 7 of the Dungeon.
You worshipped Xom.
You were a toy of Xom.
You were not hungry.

You visited 1 branch of the dungeon, and saw 7 of its levels.

You collected 546 gold pieces.

Inventory:

Hand Weapons
 n - a +4 vampiric dagger (weapon)
 u - a +4 spear of chaos
Armour
 c - a +0 shield (worn)
 f - a +2 pair of gloves (worn)
 g - a +2 pair of boots (worn)
 i - a +2 ring mail of cold resistance
 v - a +0 plate armour (worn)
Jewellery
 d - a ring of ice (left hand)
 m - an amulet of regeneration (around neck)
 o - an uncursed ring of stealth
 q - a ring of see invisible (right hand)
 r - an uncursed amulet of guardian spirit
Wands
 b - a wand of clouds (6)
 e - a wand of digging (8)
 p - a wand of enslavement (2)
Scrolls
 a - 4 scrolls of teleportation
 h - 2 scrolls of magic mapping
 j - 3 scrolls of fog
 k - a scroll of remove curse
 l - 2 scrolls of blinking
 s - 2 scrolls of identify
 t - a scroll of noise {unknown}


   Skills:
 + Level 13.3 Fighting
 - Level 1.5 Short Blades
 - Level 2.4 Armour
 - Level 2.4 Shields


You had 8 spell levels left.
You didn't know any spells.
Your spell library contained the following spells:

 Spells                   Type           Power        Failure   Level  Hunger
 Apportation              Tloc           #.....       100%        1    N/A
 Infusion                 Chrm           #.......     100%        1    N/A
 Magic Dart               Conj           #...         100%        1    N/A
 Sandblast                Erth           #.....       100%        1    N/A
 Slow                     Hex            #.......     100%        1    N/A
 Summon Butterflies       Summ           #.......     100%        1    N/A
 Searing Ray              Conj           #.....       100%        2    N/A
 Iskenderun's Mystic Bla  Conj           #.......     100%        3    N/A
 Fulminant Prism          Conj/Hex       #.........   100%        4    N/A
 Irradiate                Conj/Tmut      #.........   100%        5    N/A

Dungeon Overview and Level Annotations

Branches:
Dungeon (7/12)             Temple (0/1) D:6
   Lair: D:7-10

Altars:
Ashenzari
Cheibriados
Dithmenos
Elyvilon
Uskayaw
Vehumet
Wu Jian
Xom
The Shining One

Shops:
D:7 [

Annotations:
D:7 1 runed translucent door, RedPan's ghost, novice DsMo


Innate Abilities, Weirdness & Mutations

You do not eat or drink.
Your flesh is vulnerable to fire.
You are immune to poison.
You possess an exceptional clarity of mind.
Your flesh is cold resistant. (rC+)
You are immune to negative energy. (rN+++)
You are immune to unholy pain and torment.
You can survive without breathing.


Message History

The wight hits you but does no damage. The wight hits you with a +0 falchion.
You completely miss the wight.
The wight is almost destroyed.
The wight hits you but does no damage. You block the wight's attack.
You hit the wight but do no damage.
The wight is almost destroyed.
You hit the wight.
You destroy the wight!
You block the wight's attack. You block the wight's attack.
Things that are here:
a +0 falchion; a +0 robe You hit the wight.
The wight is lightly damaged.
The wight zaps a wand.
The bolt of acid hits you!
You are splashed with acid!
* * * LOW HITPOINT WARNING * * *
You closely miss the wight.
The wight is lightly damaged.
The wight zaps a wand.
The bolt of acid hits you!
You die...

.### ......... ........
........# ...###.. .# #..))#
..#... #...#...## ..#.⌠.#
#.⌠.#....## ..# ..#
#...#.....## ..≈###≈≈
≈###≈......## ...≈≈
≈≈≈≈≈≈≈...z....###### ...≈
≈≈≈≈≈≈≈...@.##......#
..≈###≈≈≈≈###≈...###..####.#
..#...# #...#..###.....#
..#.⌠.#..#.⌠.#..##...##...#
..#...#..#...#.##...## #..#
...###....###.....### .##
#................## #
##............).## #..
##..###........######..#


You could see a wight.

Vanquished Creatures
  Joseph (D:7)
  A hog (D:7)
  A sky beast (D:6)
  An ice beast (D:5)
  5 ogres
  A bullfrog (D:6)
  A scorpion (D:6)
  11 wights
  A howler monkey (D:5)
  5 hounds
  A bullfrog skeleton (D:6)
  4 orc wizards (D:6)
  An iguana (D:5)
  4 worker ants
  Terence (D:2)
  A hound skeleton (D:7)
  A howler monkey zombie (D:6)
  A worker ant zombie (D:4)
  21 gnolls
  2 adders
  A howler monkey skeleton (D:7)
  A shadow imp (D:6)
  4 oozes
  2 adder skeletons
  A worm (D:4)
  2 dart slugs (D:1)
  5 leopard geckos
  10 orcs
  2 ball pythons
  6 bats
  5 giant cockroaches
  A goblin (D:6)
  5 hobgoblins
  28 jackals
  4 quokkas
  3 frilled lizards
  11 kobolds
  2 rats
  A bush (D:2)
159 creatures vanquished.

Vanquished Creatures (collateral kills)
  A centaur zombie (D:7)
  Prince Ribbit (D:7)
  A hippogriff (D:7)
  A phantom (D:7)
  An ogre (D:7)
  A sky beast (D:7)
  2 wights (D:7)
  A crimson imp (D:7)
  3 gnoll shamans (D:4)
  A worker ant zombie (D:7)
  An adder (D:7)
  11 gnolls (D:4)
25 creatures vanquished.

Vanquished Creatures (others)
  A gnoll (D:4)
1 creature vanquished.

Grand Total: 185 creatures vanquished

Notes
Turn   | Place    | Note
-------+----------+-------------------------------------------
     0 | D:1      | Felnil the Mummy Fighter began the quest for the Orb.
     0 | D:1      | Reached XP level 1. HP: 18/18 MP: 1/1
   121 | D:1      | Reached XP level 2. HP: 24/24 MP: 2/2
   533 | D:1      | Reached skill level 4 in Fighting
   939 | D:2      | Found a shimmering altar of Xom.
   944 | D:2      | Became a worshipper of Xom the Capricious
  1034 | D:2      | Reached XP level 3. HP: 26/30 MP: 3/3
  1119 | D:2      | Found a faded altar of an unknown god.
  1202 | D:2      | Found a radiant altar of Vehumet.
  1481 | D:2      | Noticed Terence
  1491 | D:2      | XOM: blink monster(s)
  1582 | D:2      | XOM: god gift: dagger {god gift}
  1720 | D:2      | Killed Terence
  1720 | D:2      | Reached skill level 5 in Fighting
  1720 | D:2      | Reached XP level 4. HP: 29/39 MP: 4/4
  1768 | D:2      | XOM: cloud trail
  2035 | D:2      | XOM: god gift: hunting sling {god gift}
  2767 | D:3      | XOM: god gift: tapered ivory wand {god gift}
  2887 | D:4      | XOM: confuse monster(s)
  2912 | D:4      | Reached XP level 5. HP: 44/46 MP: 5/5
  3040 | D:4      | XOM: smoke on damage
  3047 | D:4      | Reached skill level 6 in Fighting
  3060 | D:4      | XOM: noise
  3068 | D:4      | XOM: scenery: 2 doors open, 1 doors close
  3143 | D:4      | XOM: smoke on damage
  3415 | D:4      | Noticed an ogre
  3416 | D:4      | XOM: enchant monster (good)
  3429 | D:4      | XOM: harmless Pois miscast
  3438 | D:4      | Killed an ogre
  3438 | D:4      | Reached skill level 7 in Fighting
  3438 | D:4      | Reached XP level 6. HP: 55/55 MP: 6/6
  3502 | D:4      | XOM: cast spell 'Summon Mana Viper'
  3773 | D:4      | Reached skill level 8 in Fighting
  3844 | D:4      | Reached XP level 7. HP: 58/62 MP: 7/7
  4066 | D:4      | XOM: smoke on damage
  4213 | D:5      | Entered Level 5 of the Dungeon
  4301 | D:5      | XOM: cloud trail
  4411 | D:5      | XOM: butterfly on damage
  4485 | D:5      | Reached skill level 9 in Fighting
  4544 | D:5      | XOM: cloud trail
  4585 | D:5      | XOM: 6-stop teleportation journey
  4600 | D:5      | Found a shattered altar of Ashenzari.
  4608 | D:5      | XOM: cleaving
  4654 | D:5      | Found a white marble altar of Elyvilon.
  4654 | D:5      | Found an ornate altar of the Wu Jian Council.
  4667 | D:5      | Found a hide-covered altar of Uskayaw.
  4671 | D:5      | Found a glowing golden altar of the Shining One.
  4676 | D:5      | XOM is BORED!
  4676 | D:5      | XOM: severe Tloc miscast
  4859 | D:5      | Found a snail-covered altar of Cheibriados.
  5359 | D:6      | XOM: harmless Pois miscast
  5406 | D:6      | Reached XP level 8. HP: 72/72 MP: 8/8
  5435 | D:6      | Reached skill level 10 in Fighting
  5599 | D:6      | XOM: god gift: glass ring {god gift}
  5637 | D:6      | Found a shadowy altar of Dithmenos.
  5674 | D:6      | Found a staircase to the Ecumenical Temple.
  5702 | D:6      | XOM: god gift: leather armour {god gift}
  5720 | D:6      | XOM: summons 7 friendly demons
  5997 | D:6      | Reached skill level 11 in Fighting
  6018 | D:6      | XOM: polymorph orc -> goblin
  6551 | D:6      | XOM: summons 8 friendly demons
  6642 | D:7      | Noticed a hippogriff
  6644 | D:7      | Noticed Prince Ribbit
  6663 | D:7      | Killed Prince Ribbit
  6666 | D:7      | Killed a hippogriff
  6666 | D:7      | Reached XP level 9. HP: 79/82 MP: 9/9
  6773 | D:7      | Reached skill level 12 in Fighting
  6913 | D:7      | XOM: 3-stop teleportation journey
  6935 | D:7      | Found Milaaq's Antique Armour Boutique.
  6938 | D:7      | XOM: potion effect (agility)
  6939 | D:7      | XOM: polymorph water moccasin -> hog
  7059 | D:7      | Found a runed translucent door.
  7061 | D:7      | Found a shimmering altar of Xom.
  7061 | D:7      | Noticed RedPan's ghost (novice DsMo)
  7069 | D:7      | Noticed a +1 spear of chaos
  7085 | D:7      | Noticed Joseph
  7099 | D:7      | XOM: chaos upgrade
  7144 | D:7      | XOM: harmless Necr miscast
  7188 | D:7      | XOM: divination: detect creatures
  7190 | D:7      | XOM: cast spell 'Summon Scorpions'
  7198 | D:7      | Killed Joseph
  7198 | D:7      | Reached skill level 13 in Fighting
  7326 | D:7      | XOM: enchant monster (bad)
  7390 | D:7      | Killed from afar by a wight

Skill      XL: |  1  2  3  4  5  6  7  8  9 |
---------------+----------------------------+-----
Fighting       | 4 5 7 8 9 11 13 | 13.3
Short Blades   | |  1.5
Armour         | |  2.4
Shields        | |  2.4

Action                   |  1- 3 |  4- 6 |  7- 9 || total
-------------------------+-------+-------+-------++-------
Melee: Rapier            |   118 |   141 |       ||   259
       Mace              |     3 |       |       ||     3
       Dagger            |       |   249 |   575 ||   824
Evoke: Wand              |       |     1 |     1 ||     2
  Use: Scroll            |     7 |     5 |     5 ||    17
 Stab: Confused          |       |     3 |       ||     3
       Distracted        |       |       |     2 ||     2
       Betrayed ally     |       |       |     1 ||     1
Armor: Scale mail        |    15 |       |       ||    15
       Ring mail         |    42 |   151 |   178 ||   371
       Plate armour      |       |       |     7 ||     7
       Skin              |       |       |     1 ||     1
Dodge: Dodged            |    40 |   100 |   160 ||   300
Block: Shield            |    56 |   178 |   226 ||   460
